 Dungeon Crawl Stone Soup version 0.27-a0-457-gba82baf56e (webtiles) character file.

Game seed: 7900632089829494275

125787 Chiseanne the Tortoise (level 16, 0/131 HPs)
             Began as a Demonspawn Wanderer on Feb 28, 2021.
             Was an Initiate of Gozag.
             Asphyxiated
             ... on level 4 of the Swamp.
             The game lasted 01:26:47 (38907 turns).

Chiseanne the Tortoise (Demonspawn Wanderer)       Turns: 38907, Time: 01:26:47

Health: 0/131      AC: 26    Str: 23    XL:     16   Next: 42%
Magic:  23/23      EV: 13    Int: 12    God:    Gozag
Gold:   2461       SH: 17    Dex: 17    Spells: 25/25 levels left

rFire    + . .     SeeInvis .   a - +4 broad axe (elec)
rCold    + . .     Faith    .   i - +3 kite shield
rNeg     + . .     Spirit   .   o - +0 plate armour of Magic {rElec rC++ Int-4 Dex+3}
rPois    +         Reflect  .   p - +2 helmet
rElec    +         Harm     .   x - +2 cloak
rCorr    .         Rampage  .   (no gloves)
Will     ++...                  (boots unavailable)
Stlth    ..........             v - amulet of the acrobat
HPRegen  0.31/turn              t - ring of the Mantidfly {Fire rPois Str+7}
MPRegen  0.36/turn              c - ring of Tuezeu Dege {+Fly Will+ Slay+5}

@: lethally poisoned (0 -> 0), gold aura
A: talons 3, rugged brown scales 2, negative energy resistance 1, powered by
pain 3, magic regeneration
a: Renounce Religion, Evoke Flight, Potion Petition, Call Merchant, Bribe Branch


You were on level 4 of the Swamp.
You worshipped Gozag.
Gozag was most pleased with you.
You visited 5 branches of the dungeon, and saw 28 of its levels.

You collected 11079 gold pieces.
You spent 5218 gold pieces at shops.
You paid 3400 gold pieces to Gozag.

Inventory:

Hand Weapons
 a - a +4 broad axe of electrocution (weapon)
 d - a +2 broad axe
 w - the +11 hunting sling of Sisujasch {freeze, *Corrode Str+5 Dex+3}
   (You bought it in a shop on level 2 of the Orcish Mines)

   It causes projectiles fired from it to freeze those they strike, causing
   extra injury to most foes and up to half again as much damage against
   particularly susceptible opponents.
   They can also slow down cold-blooded creatures.
   It affects your strength (+5).
   It affects your dexterity (+3).
   It may corrode you when you take damage.
 L - a +3 war axe of freezing
 Q - a +0 scimitar of flaming
Missiles
 g - 5 javelins
 k - 6 throwing nets
 m - 7 boomerangs of dispersal
 y - 69 sling bullets
 B - 38 boomerangs
 E - 9 curare-tipped darts
 P - 101 poisoned darts (quivered)
Armour
 i - a +3 kite shield (worn)
 o - the +0 plate armour of Magic (worn) {rElec rC++ Int-4 Dex+3}
   (You bought it in a shop on level 15 of the Dungeon)

   It affects your intelligence (-4).
   It affects your dexterity (+3).
   It greatly protects you from cold.
   It insulates you from electricity.
 p - a +2 helmet (worn)
 x - a +2 cloak (worn)
Jewellery
 c - the ring of Tuezeu Dege (right hand) {+Fly Will+ Slay+5}
   (You bought it in a shop on level 15 of the Dungeon)

   [ring of flight]

   It affects your accuracy and damage with ranged weapons and melee attacks
   (+5).
   It affects your willpower, your defense against some magical effects.
   It lets you fly.
 l - the ring "Uxuiwyc" {rPois Int+4 SInv}
   (You bought it in a shop on level 15 of the Dungeon)

   [ring of see invisible]

   It affects your intelligence (+4).
   It protects you from poison.
   It lets you see invisible.
 t - the ring of the Mantidfly (left hand) {Fire rPois Str+7}
   (You bought it in a shop on level 15 of the Dungeon)

   [ring of fire]

   It enhances your fire magic.
   It affects your strength (+7).
   It protects you from fire.
   It makes you vulnerable to cold.
   It protects you from poison.
 v - an amulet of the acrobat (around neck)
Wands
 n - a wand of acid (7)
 H - a wand of flame (20)
 M - a wand of iceblast (1)
Scrolls
 b - 12 scrolls of teleportation
 e - 3 scrolls of fear
 r - a scroll of immolation
 s - a scroll of blinking
 u - 5 scrolls of magic mapping
 A - a scroll of amnesia
 D - 2 scrolls of fog
 K - 19 scrolls of identify
Potions
 h - 7 potions of flight
 j - 6 potions of curing
 q - a potion of ambrosia
 z - 2 potions of might
 J - 3 potions of resistance
Miscellaneous
 f - a box of beasts
 F - a tin of tremorstones (2/2)
 R - a lightning rod (4/4)


   Skills:
 - Level 11.3 Fighting
 * Level 12.9 Axes
 - Level 1.0 Bows
 - Level 1.0 Crossbows
 - Level 1.7 Throwing
 * Level 15.0 Armour
 - Level 10.7 Dodging
 * Level 13.3 Shields
 - Level 5.2 Spellcasting
 - Level 3.5 Evocations


You had 25 spell levels left.
You didn't know any spells.
Your spell library contained the following spells:

 Spells                   Type           Power        Failure   Level
 Animate Skeleton         Necr           6%           91%         1
 Apportation              Tloc           6%           91%         1
 Beastly Appendage        Tmut           6%           91%         1
 Corona                   Hex            3%           91%         1
 Freeze                   Ice            12%          91%         1
 Magic Dart               Conj           12%          91%         1
 Pain                     Necr           12%          91%         1
 Sandblast                Erth           6%           91%         1
 Blink                    Tloc           N/A          97%         2
 Call Imp                 Summ           3%           97%         2
 Passwall                 Tmut/Erth      2%           97%         2
 Poisonous Vapours        Pois/Air       6%           97%         2
 Searing Ray              Conj           6%           97%         2
 Slow                     Hex            3%           97%         2
 Wereblood                Tmut           3%           97%         2
 Conjure Flame            Conj/Fire      4%           99%         3
 Dazzling Flash           Conj/Hex       6%           99%         3
 Frozen Ramparts          Ice            6%           99%         3
 Inner Flame              Hex/Fire       4%           99%         3
 Lesser Beckoning         Tloc           1%           99%         3
 Mephitic Cloud           Conj/Pois/Air  3%           99%         3
 Ozocubu's Armour         Ice            3%           99%         3
 Portal Projectile        Hex/Tloc       6%           99%         3
 Spider Form              Tmut/Pois      1%           99%         3
 Stone Arrow              Conj/Erth      6%           99%         3
 Tukima's Dance           Hex            3%           99%         3
 Vampiric Draining        Necr           1%           99%         3
 Animate Dead             Necr           1%           100%        4
 Cause Fear               Hex            1%           100%        4
 Fulminant Prism          Conj/Hex       1%           100%        4
 Hailstorm                Conj/Ice       3%           100%        4
 Ice Form                 Ice/Tmut       3%           100%        4
 Iskenderun's Mystic Bla  Conj/Tloc      3%           100%        4
 Leda's Liquefaction      Hex/Erth       1%           100%        4
 Petrify                  Tmut/Erth      3%           100%        4
 Summon Ice Beast         Ice/Summ       3%           100%        4
 Agony                    Necr           3%           100%        5
 Alistair's Intoxication  Tmut/Pois      2%           100%        5
 Blade Hands              Tmut           1%           100%        5
 Lee's Rapid Deconstruct  Erth           1%           100%        5
 Freezing Cloud           Conj/Ice/Air   1%           100%        6
 Invisibility             Hex            3%           100%        6


Dungeon Overview and Level Annotations

Branches:
Dungeon (15/15)            Temple (1/1) D:4            Lair (6/6) D:9
  Swamp (4/4) Lair:4        Snake (0/4) Lair:4        Slime (0/5) Lair:5
    Orc (2/2) D:9             Elf (0/3) Orc:2        Vaults (0/5) D:13
 Depths (0/5) D:15

Altars:
Ashenzari
Cheibriados
Dithmenos
Elyvilon
Fedhas
Gozag
Hepliaklqana
Kikubaaqudgha
Makhleb
Nemelex Xobeh
Okawaru
Qazlal
Sif Muna
Uskayaw
Vehumet
Wu Jian
Xom
Yredelemnul
Zin
The Shining One
Beogh

Shops:
D:4 !   D:7 *   D:9 =   D:15 ==[   Orc:2 ([[:(?(

Annotations:
D:12 1 runed translucent door, Azux's ghost, journeyman DgIE
Lair:1 exclusion: oklob plant
Lair:4 3 runed translucent doors, Itwuimug's ghost, journeyman DsWn
Swamp:2 2 transporters
Swamp:3 3 runed translucent doors, OneTabMan's ghost, adept SpEn


Innate Abilities, Weirdness & Mutations

You have claws for feet.
You are mostly covered in rugged brown scales. (AC +2, +5% HP)
You resist negative energy. (rN+)
You are powered by pain.
You regenerate magic rapidly.


Message History

The spriggan rider is no longer distracted by gold.
You block the swamp dragon's attack. The swamp dragon closely misses you.
You block the swamp dragon's attack. You block the spriggan rider's attack.
You slice the swamp dragon!! You claw the swamp dragon.
The swamp dragon is severely wounded.
The swamp dragon bites you but does no damage.
The swamp dragon claws you.
* * * LOW HITPOINT WARNING * * *
The swamp dragon tramples you but does no damage.
The spriggan rider hits you from afar with a +0 spear!
* * * LOW HITPOINT WARNING * * *
Blink to where?
Press: ? - help, Dir - move target
As you read the scroll of blinking, it crumbles to dust.
A swamp drake comes into view.
The swamp drake roars!
A bunyip comes into view.
Aiming: Iceblast
Press: ? - help, Shift-Dir - straight line, f - spriggan rider
Aim: a spriggan rider, wielding a +0 spear and quivering curare-tipped darts The mass of ice explodes!
The iceblast engulfs the spriggan rider!
The spriggan rider is lightly wounded.
The bunyip gives a hideous shriek!
You feel sick.
You hear a roar! x2
The spriggan rider throws a curare-tipped dart.
The curare-tipped dart closely misses you.
The swamp drake breathes poison at you.
Aiming: Iceblast
Press: ? - help, Shift-Dir - straight line, f/p - spriggan rider
Aim: a spriggan rider, wielding a +0 spear and quivering curare-tipped darts (lightly wounded)
The mass of ice explodes!
The iceblast engulfs the spriggan rider!!
The spriggan rider is heavily wounded.
You hear a deafening roar!
You hear a roar!
The spriggan rider throws a curare-tipped dart.
The curare-tipped dart hits you.
You have difficulty breathing.
You die...
Your body crumbles into a pile of gold.

♣♣ ...♣≈♣ .♣ ♣..≈§♣♣ .
.♣♣ ≈.k.≈≈♣♣♣♣ .≈≈ ##
###.♣♣♣x.§≈≈...≈
.≈≈≈≈#.##...♣≈≈.≈.≈≈≈≈≈.
..≈≈..$.$§$....$≈≈§.≈≈≈≈
≈#≈≈.≈≈#...Di.$○○○≈.≈≈.≈
≈≈≈D######.♣♣≈.○○○≈....♣w
#≈≈ ≈.♣♣♣..○@○..≈.... #
≈.♣♣♣≈♣.≈.♣.§≈≈≈≈≈. ♣
≈♣..§.♣.≈≈≈§≈≈. ♣♣♣♣♣
♣.≈≈.#≈.♣≈≈≈≈≈≈. ♣♣≈≈.♣♣
♣≈♣....≈...≈≈≈≈. ♣.<≈≈≈♣
♣≈#.......≈.♣♣♣♣♣♣♣
♣≈≈≈.♣♣
.≈≈≈..≈<.≈♣≈♣♣≈.≈.♣
≈≈..♣♣ ♣
≈≈......≈≈≈♣.≈≈≈≈. ≈.♣♣♣
≈≈.≈...≈.≈♣≈..≈≈≈≈


You could see a bunyip, a swamp dragon, a spriggan rider and a swamp drake
(catching breath).

Vanquished Creatures
  Nikola (Swamp:4)
  Rupert (Lair:5)
  2 thorn hunters
  A fenstrider witch (Swamp:4)
  A frost giant (D:15)
  Aizul (Swamp:1)
  2 orc warlords (D:9)
  Nessos (Orc:2)
  3 bunyips
  A dire elephant (Lair:6)
  An eleionoma (Swamp:1)
  Erolcha (D:11)
  Fannar (Orc:1)
  Harold (D:7)
  4 ogre magi (Orc:2)
  13 hydras
  A ghost crab (Swamp:2)
  2 boulder beetles
  A merfolk avatar (Lair:6)
  4 two-headed ogres
  Erica (D:9)
  4 alligators
  A catoblepas (Lair:2)
  A centaur warrior (D:15)
  A death knight (D:13)
  Urug (D:12)
  An orc high priest (Orc:1)
  5 spriggans
  Nergalle (Orc:2)
  A deep elf knight (D:13)
  2 skeletal warriors (D:13)
  5 goliath frogs
  5 swamp dragons
  3 spriggan druids
  3 bog bodies
  4 orc knights
  A wolf spider (D:13)
  7 orc sorcerers
  2 deep elf pyromancers (D:13)
  4 will-o-the-wisps
  An ugly thing (D:12)
  3 oklob plants (Lair:1)
  4 black mambas
  18 elephants
  Maurice (D:10)
  11 cane toads
  A torpor snail (Lair:4)
  9 rime drakes
  9 komodo dragons
  6 polar bears
  5 yaktaurs
  7 trolls
  14 tyrant leeches
  2 wind drakes (Lair:6)
  7 hornets
  22 blink frogs
  2 wraiths
  A shadow (D:12)
  A yak (shapeshifter) (D:13)
  10 wyverns
  A water elemental (D:14)
  Sigmund (D:3)
  A vampire (D:11)
  Grum (D:11)
  65 yaks
  2 basilisks
  A steam dragon (D:12)
  9 vampire mosquitoes
  3 nagas (Lair:4)
  10 wargs
  22 swamp worms
  5 swamp drakes
  22 water moccasins
  30 orc warriors
  4 ice beasts
  2 black bears
  A sky beast (D:9)
  2 necrophages
  17 ogres
  A boggart (D:13)
  5 centaurs
  10 wolves
  3 phantoms
  3 kobold brigands (D:13)
  19 bullfrogs
  3 scorpions
  23 killer bees
  3 vampire bats (Orc:1)
  23 wights
  3 howler monkeys
  2 quasits
  11 orc priests
  4 centaur zombies
  3 jellies
  A bullfrog skeleton (D:6)
  12 hounds
  Crazy Yiuf (D:3)
  2 centaur skeletons
  4 iguanas
  33 orc wizards
  8 worker ants
  2 hound zombies
  A hound skeleton (D:7)
  Robin (D:3)
  5 gnolls
  16 adders
  2 white imps
  3 ufetubi
  3 oozes
  3 adder zombies
  2 worms
  5 leopard geckos
  90 orcs
  A ball python (D:1)
  5 giant cockroaches
  2 gnoll zombies (D:6)
  17 goblins
  9 hobgoblins
  2 jackals (D:4)
  10 kobolds
  3 quokkas
  12 bats
  5 frilled lizards
  2 leopard gecko skeletons
  2 quokka skeletons
  6 rats
  3 briar patches (Swamp:4)
  2 butterflies
820 creatures vanquished.

Vanquished Creatures (collateral kills)
  A wight (D:12)
1 creature vanquished.

Vanquished Creatures (others)
  A bloated husk (Swamp:2)
  A hornet (Swamp:4)
  A spriggan (Swamp:4)
  A bullfrog (Lair:2)
  An orc wizard (Orc:2)
  An orc (Orc:2)
  2 bushes (Lair:6)
  10 foxfires
  42 fungi
  126 plants
186 creatures vanquished.

Grand Total: 1007 creatures vanquished

Notes
Turn   | Place    | Note
-------+----------+-------------------------------------------
     0 | D:1      | Chiseanne the Demonspawn Wanderer began the quest for the
                  | Orb.
     0 | D:1      | Chiseanne set off with the following items: a +0 hand
                  | crossbow, a scroll of teleportation, a +2 scale mail, 23
                  | bolts
     0 | D:1      | Reached XP level 1. HP: 19/19 MP: 1/1
   145 | D:1      | Reached skill level 2 in Armour
   186 | D:1      | Gained mutation: You are partially covered in rugged brown
                  | scales. (AC +1, +3% HP) [demonic ancestry]
   186 | D:1      | Reached XP level 2. HP: 19/25 MP: 2/2
   327 | D:1      | Found a snail-covered altar of Cheibriados.
   571 | D:1      | Reached skill level 1 in Dodging
  1329 | D:2      | Gained mutation: You sometimes gain a little power by
                  | taking damage. [demonic ancestry]
  1329 | D:2      | Reached XP level 3. HP: 30/30 MP: 3/3
  1424 | D:2      | Reached skill level 1 in Evocations
  1424 | D:2      | Gained mutation: You sometimes gain power by taking damage.
                  | [demonic ancestry]
  1424 | D:2      | Reached XP level 4. HP: 39/39 MP: 4/4
  2045 | D:3      | Reached XP level 5. HP: 44/44 MP: 5/5
  2050 | D:3      | Found an iron altar of Okawaru.
  2131 | D:3      | Noticed Robin
  2161 | D:3      | Reached skill level 3 in Armour
  2184 | D:3      | Killed Robin
  2701 | D:3      | Noticed Sigmund
  2708 | D:3      | Killed Sigmund
  2709 | D:3      | Reached skill level 5 in Fighting
  2709 | D:3      | Reached XP level 6. HP: 52/52 MP: 6/6
  2738 | D:3      | Found a runed translucent door.
  2739 | D:3      | Noticed Crazy Yiuf
  2746 | D:3      | Killed Crazy Yiuf
  3425 | D:4      | Reached XP level 7. HP: 25/57 MP: 7/7
  3605 | D:4      | Found a staircase to the Ecumenical Temple.
  3706 | Temple   | Entered the Ecumenical Temple
  3742 | Temple   | Became a worshipper of Gozag Ym Sagoz the Greedy
  3827 | D:4      | Reached skill level 4 in Armour
  4261 | D:4      | Found Qusyonuw's Distillery.
  4269 | D:4      | Bought a potion of invisibility for 88 gold pieces
  4269 | D:4      | Bought a potion of might for 44 gold pieces
  4269 | D:4      | Bought a potion of curing for 33 gold pieces
  4269 | D:4      | Bought a potion of degeneration for 11 gold pieces
  4296 | D:4      | Found a stormy altar of Qazlal.
  4421 | D:4      | Reached skill level 5 in Armour
  4498 | D:4      | Reached skill level 6 in Armour
  4675 | D:5      | Entered Level 5 of the Dungeon
  4868 | D:5      | Found a shimmering altar of Xom.
  4917 | D:5      | Reached skill level 7 in Armour
  5314 | D:5      | Noticed Prince Ribbit
  5316 | D:5      | Noticed Prince Ribbit
  5316 | D:5      | Prince Ribbit changed into Prince Ribbit the blink frog
  5329 | D:5      | Killed Prince Ribbit the blink frog
  5330 | D:5      | Reached skill level 8 in Armour
  5330 | D:5      | Gained mutation: You regenerate magic rapidly. [demonic
                  | ancestry]
  5330 | D:5      | Reached XP level 8. HP: 59/65 MP: 8/8
  5473 | D:6      | Reached skill level 9 in Armour
  5492 | D:6      | Reached skill level 10 in Armour
  5675 | D:6      | Reached skill level 11 in Armour
  5728 | D:6      | Gained mutation: You have sharp toenails. [demonic
                  | ancestry]
  5728 | D:6      | Reached XP level 9. HP: 28/69 MP: 9/9
  6476 | D:6      | Reached skill level 1 in Spellcasting
  6591 | D:6      | Found a basalt altar of Yredelemnul.
  6704 | D:4      | Bought 2 potions of resistance for 220 gold pieces
  6704 | D:4      | Bought 2 potions of haste for 220 gold pieces
  6781 | D:7      | Noticed Harold
  6798 | D:7      | Killed Harold
  6917 | D:7      | Found Zin's Purification Station.
  6917 | D:7      | Found a glowing silver altar of Zin.
  6971 | D:7      | Identified the +0 robe of the Dwarven Hall {+Blink Str+6
                  | Dex-2}
  7187 | D:7      | Reached skill level 5 in Dodging
  7278 | D:7      | Found a sparkling altar of Nemelex Xobeh.
  7950 | D:8      | Found a glowing golden altar of the Shining One.
  8016 | D:8      | Gained mutation: You are mostly covered in rugged brown
                  | scales. (AC +2, +5% HP) [demonic ancestry]
  8016 | D:8      | Reached XP level 10. HP: 62/82 MP: 14/16
  8177 | D:8      | Noticed a two-headed ogre
  8186 | D:8      | Killed a two-headed ogre
  8187 | D:8      | Reached skill level 1 in Shields
  8388 | D:8      | Found a burning altar of Makhleb.
  8653 | D:8      | You fall into a shaft and drop 2 floors!
  8653 | D:10     | Entered Level 10 of the Dungeon
  9223 | D:9      | Reached skill level 5 in Spellcasting
  9269 | D:9      | Identified the +3 ring mail of Poostreo {Dex+7}
  9476 | D:9      | Found a staircase to the Orcish Mines.
  9683 | D:9      | Noticed Erica
  9697 | D:9      | Killed Erica
  9698 | D:9      | Reached skill level 1 in Axes
  9996 | D:9      | Reached XP level 11. HP: 76/91 MP: 18/18
 10085 | D:9      | Found a staircase to the Lair.
 10242 | D:10     | Noticed Maurice
 10266 | D:10     | Killed Maurice
 11189 | D:11     | Noticed Grum
 11211 | D:11     | Killed Grum
 11408 | D:11     | Reached skill level 5 in Shields
 11530 | D:11     | Noticed a two-headed ogre
 11541 | D:11     | Killed a two-headed ogre
 12168 | D:11     | You fall into a shaft and drop 1 floor!
 12907 | D:12     | Reached skill level 10 in Fighting
 12985 | D:12     | Noticed a five-headed hydra
 13349 | D:11     | Gained mutation: You are powered by pain. [demonic
                  | ancestry]
 13349 | D:11     | Reached XP level 12. HP: 91/101 MP: 19/19
 13420 | D:11     | Noticed Erolcha
 13424 | D:11     | Noticed a boulder beetle
 13443 | D:11     | Killed a boulder beetle
 13443 | D:11     | Killed Erolcha
 13444 | D:11     | Reached skill level 5 in Axes
 13608 | D:11     | Noticed a two-headed ogre
 13621 | D:11     | Killed a two-headed ogre
 14161 | D:12     | Noticed Urug
 14395 | D:12     | Killed Urug
 14618 | D:12     | Killed a three-headed hydra
 14701 | D:12     | Found a roughly hewn altar of Beogh.
 14893 | D:12     | Found a runed translucent door.
 14896 | D:12     | Noticed Azux's ghost (journeyman DgIE)
 15194 | D:13     | Noticed a death knight
 15215 | D:13     | Killed a death knight
 15521 | D:13     | Found a glowing golden altar of the Shining One.
 15605 | D:13     | Found a gate to the Vaults.
 16097 | D:15     | Entered Level 15 of the Dungeon
 16110 | D:15     | Noticed a centaur warrior
 16124 | D:15     | Killed a centaur warrior
 16125 | D:15     | Gained mutation: You have razor-sharp toenails. [demonic
                  | ancestry]
 16125 | D:15     | Reached XP level 13. HP: 72/111 MP: 20/20
 16169 | D:15     | Found a staircase to the Depths.
 16169 | D:15     | Noticed a frost giant
 16179 | D:15     | HP: 4/111 [frost giant/bolt of cold (30)]
 16183 | D:15     | Killed a frost giant
 16507 | D:15     | Bought the +0 plate armour of Magic {rElec rC++ Int-4
                  | Dex+3} for 838 gold pieces
 16729 | Orc:1    | Entered Level 1 of the Orcish Mines
 16852 | Orc:1    | Noticed Fannar
 16897 | Orc:1    | Killed Fannar
 16903 | Orc:1    | Reached skill level 10 in Dodging
 18324 | Orc:1    | Noticed an orc warlord
 18359 | D:9      | Killed an orc warlord
 18464 | Orc:1    | Noticed an orc warlord
 18571 | D:9      | Killed an orc warlord
 19345 | Orc:2    | Entered Level 2 of the Orcish Mines
 19345 | Orc:2    | Found a staircase to the Elven Halls.
 19408 | Orc:2    | Noticed Nessos
 19410 | Orc:2    | Found Dulamemu's Antique Armour Emporium.
 20628 | Orc:2    | Killed Nessos
 21104 | Orc:2    | Found Vaifuer's Armour Emporium.
 21116 | Orc:2    | Reached skill level 12 in Armour
 21234 | Orc:2    | Found Qeup's Book Shoppe.
 21245 | Orc:2    | Paralysed by something for 4 turns
 21511 | Orc:2    | Found a radiant altar of Vehumet.
 21714 | Orc:2    | Found Boudwiaz's Antique Weapon Emporium.
 21739 | Orc:2    | Noticed Nergalle
 21747 | Orc:2    | Paralysed by an ogre mage for 3 turns
 21753 | Orc:2    | Killed Nergalle
 21756 | Orc:2    | Found an ancient bone altar of Kikubaaqudgha.
 21759 | Orc:2    | Gained mutation: You resist negative energy. (rN+) [demonic
                  | ancestry]
 21759 | Orc:2    | Reached XP level 14. HP: 81/118 MP: 21/21
 21947 | Orc:2    | Found a roughly hewn altar of Beogh.
 22027 | Orc:2    | Found Qeku Jed's Magic Scroll Shoppe.
 22056 | Orc:2    | Found Viovus's Antique Weapon Shoppe.
 22059 | Orc:2    | Bought a scroll of enchant weapon for 90 gold pieces
 22059 | Orc:2    | Bought a scroll of enchant armour for 90 gold pieces
 22059 | Orc:2    | Bought a scroll of immolation for 42 gold pieces
 22059 | Orc:2    | Bought a scroll of teleportation for 36 gold pieces
 22059 | Orc:2    | Bought a scroll of teleportation for 36 gold pieces
 22059 | Orc:2    | Bought a scroll of teleportation for 36 gold pieces
 22071 | Orc:2    | Bought a fading whip for 180 gold pieces
 22071 | Orc:2    | Identified the +5 whip of Might {antimagic, +Fly} (You
                  | bought it in a shop on level 2 of the Orcish Mines)
 22201 | Orc:2    | Bought a glowing scarf for 224 gold pieces
 22206 | Orc:2    | Found Cuczeif's Weapon Shop.
 22215 | Orc:2    | Bought the +11 hunting sling of Sisujasch {freeze, *Corrode
                  | Str+5 Dex+3} for 1290 gold pieces
 22558 | Lair:1   | Entered Level 1 of the Lair of Beasts
 22581 | Lair:1   | Identified the +1 robe "Kubuxzid" {rPois rN+ MP+9 Dex+3}
 23962 | Lair:1   | Reached skill level 10 in Shields
 26972 | Lair:4   | Reached skill level 10 in Axes
 27668 | Lair:4   | Reached skill level 13 in Armour
 27809 | Lair:4   | Found a staircase to the Swamp.
 27856 | Lair:4   | Found a runed translucent gate.
 27857 | Lair:4   | Found a runed translucent gate.
 27858 | Lair:4   | Found a runed translucent gate.
 27860 | Lair:4   | Noticed Itwuimug's ghost (journeyman DsWn)
 28344 | Lair:4   | Found a staircase to the Snake Pit.
 29013 | Lair:5   | Noticed Rupert
 29026 | Lair:5   | Paralysed by Rupert for 5 turns
 29459 | Lair:5   | Killed Rupert
 30030 | Lair:5   | Found a staircase to the Slime Pits.
 30139 | Lair:5   | Gained mutation: You have claws for feet. [demonic
                  | ancestry]
 30139 | Lair:5   | Reached XP level 15. HP: 118/124 MP: 22/22
 30757 | Lair:5   | Identified the +1 hunting sling of Defiance {speed, rC+}
 30822 | Lair:6   | Entered Level 6 of the Lair of Beasts
 31517 | Lair:6   | Found a hide-covered altar of Uskayaw.
 31580 | Lair:6   | Paralysed by a hornet for 3 turns
 32383 | Lair:6   | Identified the +5 battleaxe "Acarinebane" {holy, rC+}
 32709 | Lair:6   | Reached skill level 14 in Armour
 33182 | D:15     | Bought the ring of Tuezeu Dege {+Fly Will+ Slay+5} for 613
                  | gold pieces
 33216 | D:15     | Bought the ring "Uxuiwyc" {rPois Int+4 SInv} for 415 gold
                  | pieces
 33218 | D:15     | Bought the ring of the Mantidfly {Fire rPois Str+7} for 712
                  | gold pieces
 33434 | Swamp:1  | Entered Level 1 of the Swamp
 34201 | Swamp:1  | Noticed Aizul
 34230 | Swamp:1  | Killed Aizul
 34665 | Swamp:1  | Noticed a thorn hunter
 34677 | Swamp:1  | Killed a thorn hunter
 35290 | Swamp:2  | Found a transporter.
 35845 | Swamp:2  | Reached XP level 16. HP: 53/131 MP: 23/23
 36197 | Swamp:2  | Found a transporter.
 36836 | Swamp:3  | Found a runed translucent gate.
 36836 | Swamp:3  | Found a runed translucent gate.
 36837 | Swamp:3  | Found a runed translucent gate.
 36844 | Swamp:3  | Noticed OneTabMan's ghost (adept SpEn)
 37106 | Swamp:3  | Found a shimmering blue altar of Sif Muna.
 37849 | Swamp:4  | Entered Level 4 of the Swamp
 37849 | Swamp:4  | Noticed a thorn hunter
 37859 | Swamp:4  | Killed a thorn hunter
 38140 | Swamp:4  | Noticed Nikola
 38159 | Swamp:4  | Killed Nikola
 38557 | Swamp:4  | Identified a scroll of acquirement
 38557 | Swamp:4  | Acquired 850 gold pieces
 38876 | Swamp:4  | Paralysed by a fenstrider witch for 5 turns
 38883 | Swamp:4  | Reached skill level 15 in Armour
 38904 | Swamp:4  | HP: 2/131 [spriggan rider/+0 spear (15)]
 38907 | Swamp:4  | Asphyxiated

Illustrated notes

Levels and vault maps discovered:
D:1:      dpeg_arrival_erosion, layout_basic, serial_forest,
          infiniplex_forest_straight_3, infiniplex_forest_lined_3_way,
          infiniplex_forest_end_1, infiniplex_forest_clump_C,
          infiniplex_forest_straight_2, infiniplex_forest_3_way,
          infiniplex_forest_clump_curved, nrook_uturn, cheibriados_altar_1
D:2:      layout_rooms
D:3:      layout_basic, kennysheep_okawaru_gauntlet, uniq_sigmund,
          uniq_crazy_yiuf_cottage, uniq_robin
D:4:      layout_gridville, kennysheep_mini_moat,
          minmay_temple_entry_glassed_door, serial_shops, shop,
          minmay_manual_mares
D:5:      layout_cave_pods, lemuel_crystal_altar, uniq_prince_ribbit1
D:6:      layout_loops_ring, lemuel_zombie_altar_yredelemnul
D:7:      layout_cave_pods, nemelex_xobeh_ov_fountains_minmay, zin_purify,
          uniq_harold
D:8:      layout_loops_ring, marbit_many_paths, overflow_temple_1_default,
          lemuel_coloured_pillars_altar, bloody_trog
D:9:      layout_basic, lair_entry_dummy, hiddenorc1_lemuel,
          serial_bayou_crossing, uniq_erica
D:10:     layout_rooms, uniq_maurice
D:11:     layout_grid_maze, uniq_erolcha, uniq_grum
D:12:     layout_loops_ring, ebering_ghost_inner_flame, special_room
          [special_room_orc], uniq_urug
D:13:     layout_big_octagon, hangedman_vaults_entry_quadrant_bands,
          tso_metal_star
D:14:     layout_basic, infiniplex_staircase_pool_1, uniq_roxanne
D:15:     grunt_enter_depths_snipers, layout_cave_pods,
          grunt_decor_mini_mirrors, dk_noncrumbling_2, grunt_ministairs_11,
          minmay_shop_enchanted_jewellery, uniq_josephine
Temple:   cyrus_circular_temple
Lair:1:   minmay_lair_oklob_tunnel, layout_cave_pods, lemuel_fruit_tree
Lair:2:   layout_regular_city
Lair:3:   layout_loops_ring, serial_bayou_shore_a
Lair:4:   layout_misc_corridors, minmay_swamp_entry_reptiles,
          guppyfry_snake_entry_garden, ebering_ghost_rock_garden
Lair:5:   layout_cave_pods, slime_dummy, lemuel_fruit_fields,
          grunt_megastairs_5, uniq_rupert
Lair:6:   gammafunk_lair_ancient_temple, layout_cellular_growth, basic_altar,
          grunt_megastairs_3
Swamp:1:  layout_falls_marsh, hangedman_swamp_cone, uniq_aizul
Swamp:2:  gammafunk_worm_tunnel, layout_basic_swamp, hangedman_swamp_pad
Swamp:3:  layout_basic_swamp, gammafunk_ghost_hydra_chop, lemuel_altar_in_water
Swamp:4:  swamp_old_school, layout_basic_swamp, swamp_pool2,
          nicolae_swamp_baby_hydras, uniq_nikola
Orc:1:    layout_caves, roderic_batcave, minmay_orc_treasury, uniq_fannar
Orc:2:    kennysheep_orc_mage_school, layout_caves, gauntlet_entry_generic,
          lightli_volcano_entry_magma_tube, serial_shops, shop,
          nicolae_shop_stone, nicolae_shop_crystal, uniq_nessos

Skill      XL: |  1  2  3  4  5  6  7  8  9 10 11 12 13 14 15 16 |
---------------+-------------------------------------------------+-----
Armour         | 2 3 8 11 12 13 14 15 | 15.0
Dodging        | 1 2 3 5 6 8 9 10 | 10.7
Evocations     | 1 2 3 |  3.5
Fighting       | 5 7 8 10 11 | 11.3
Spellcasting   | 4 5 |  5.2
Shields        | 3 6 7 9 11 12 13 | 13.3
Axes           | 2 4 7 9 10 12 | 12.9
Bows           | |  1.0
Crossbows      | |  1.0
Throwing       | |  1.7

Action                   |  1- 3 |  4- 6 |  7- 9 | 10-12 | 13-15 | 16-18 || total
-------------------------+-------+-------+-------+-------+-------+-------++-------
Melee: Short sword       |     5 |     2 |       |       |       |       ||     7
       Long sword        |       |    10 |       |       |       |       ||    10
       Quarterstaff      |       |    18 |   291 |       |       |       ||   309
       War axe           |       |       |    67 |   606 |    16 |       ||   689
       Kick              |       |       |    39 |   209 |   462 |    86 ||   796
       Scimitar          |       |       |       |     9 |    57 |    20 ||    86
       Broad axe         |       |       |       |       |  1267 |   152 ||  1419
 Fire: Hand crossbow     |    95 |   100 |     1 |       |       |       ||   196
Throw: Dart              |       |       |       |    17 |    60 |     3 ||    80
Invok: Call Merchant     |       |       |       |     1 |     3 |       ||     4
Evoke: Wand              |       |     3 |    10 |    16 |    13 |    12 ||    54
       Lightning rod     |       |       |       |     1 |    12 |     2 ||    15
       Box of beasts     |       |       |       |       |     3 |       ||     3
       Tin of tremorston |       |       |       |       |     1 |       ||     1
  Use: Scroll            |       |     6 |     9 |     4 |    15 |     2 ||    36
       Potion            |       |     1 |       |     7 |    22 |     2 ||    32
 Stab: Paralysed         |       |       |     1 |     6 |       |       ||     7
       Confused          |       |       |     1 |       |       |       ||     1
       Distracted        |       |       |       |     3 |    12 |       ||    15
       Sleeping          |       |       |       |     1 |       |       ||     1
Armor: Scale mail        |    33 |    35 |   189 |    61 |       |       ||   318
       Ring mail         |       |       |       |   247 |       |       ||   247
       Plate armour      |       |       |       |       |   715 |    91 ||   806
Dodge: Dodged            |    25 |    40 |   239 |   567 |   556 |    96 ||  1523
Block: Kite shield       |       |       |     2 |   484 |  1028 |   138 ||  1652
       Rpst.: Long sword |       |     5 |       |       |       |       ||     5
       Scimitar          |       |       |       |       |     4 |     2 ||     6

Table legend: (Time is in decaauts)
 A = Elapsed time spent in this place.
 B = Non-inter-level travel time spent in this place.
 C = Inter-level travel time spent in this place.
 D = Time resting spent in this place.
 E = Time spent auto-exploring this place.
 F = Levels seen in this place.
 G = Mean time per level.
                   A        B        C        D        E       F      G
               +--------+--------+--------+--------+--------+-----+--------+
         Total |  40017 |  38509 |   1508 |  13662 |  16570 |  28 | 1429.2 |
       Dungeon |  18898 |  17949 |    949 |   4695 |   9419 |  15 | 1259.9 |
        Temple |     47 |     36 |     11 |      0 |     28 |   1 |   47.0 |
          Lair |  11728 |  11319 |    409 |   4450 |   5006 |   6 | 1954.7 |
         Swamp |   4767 |   4709 |     58 |   2412 |    808 |   4 | 1191.8 |
  Orcish Mines |   4575 |   4495 |     80 |   2104 |   1309 |   2 | 2287.5 |
               +--------+--------+--------+--------+--------+-----+--------+

Top non-repeatable levels by time:
  Lair:4: 3180 daAuts
     D:9: 3116 daAuts
   Orc:1: 3092 daAuts
    D:11: 2168 daAuts
  Lair:6: 2164 daAuts
  Lair:1: 2024 daAuts
    D:12: 1837 daAuts
 Swamp:2: 1738 daAuts
     D:3: 1689 daAuts
  Lair:5: 1529 daAuts
  Lair:3: 1503 daAuts
   Orc:2: 1482 daAuts
 Swamp:3: 1366 daAuts
     D:6: 1353 daAuts
  Lair:2: 1326 daAuts
